 Dungeon Crawl Stone Soup version 0.26-a0-1191-ge2a0e31ab3 (webtiles) character file.

Game seed: 12500062853469124255

119 HoaS the Ruffian (level 5, -1/41 HPs)
             Began as a Ghoul Gladiator on Dec 28, 2020.
             Splashed by Ijyb's acid (14 damage)
             ... on level 3 of the Dungeon.
             The game lasted 00:05:33 (2081 turns).

HoaS the Ruffian (Ghoul Gladiator)                  Turns: 2081, Time: 00:05:33

Health: -1/41      AC: 10    Str: 19    XL:     5   Next: 3%
Magic:  4/4        EV:  8    Int:  3    God:
Gold:   174        SH:  0    Dex: 16    Spells: 4/4 levels left

rFire    . . .     SeeInvis .     - Unarmed
rCold    + . .     Faith    .   (no shield)
rNeg     + + +     Spirit   .   m - +0 chain mail
rPois    ∞         Reflect  .   b - +0 helmet
rElec    .         Harm     .   (no cloak)
rCorr    .         Rampage  .   i - +1 pair of gloves
Will     .....                  l - +2 pair of boots
Stlth    ..........             (no amulet)
HPRegen  0.00/turn              a - +6 ring of dexterity
MPRegen  0.09/turn              (no ring)

@: corroded
A: claws 1, cold resistance 1, negative energy resistance 3, inhibited
regeneration, torment resistance, unbreathing
a: no special abilities


You were on level 3 of the Dungeon.
You visited 1 branch of the dungeon, and saw 4 of its levels.

You collected 174 gold pieces.

Inventory:

Missiles
 c - 3 throwing nets (quivered)
 d - 3 silver javelins
 k - 3 javelins
Armour
 b - a +0 helmet (worn)
 i - a +1 pair of gloves (worn)
 l - a +2 pair of boots (worn)
 m - a +0 chain mail (worn)
Jewellery
 a - a +6 ring of dexterity (left hand)
Potions
 f - a potion of might
 h - a potion of haste {unknown}
 j - a potion of heal wounds {unknown}


   Skills:
 - Level 2.1 Fighting
 - Level 1.7 Throwing
 - Level 2.6 Dodging
 + Level 6.1 Unarmed Combat


You had 4 spell levels left.
You didn't know any spells.
Your spell library was empty.

Dungeon Overview and Level Annotations

Branches:
Dungeon (4/15)
 Temple: D:4-7

Altars:
Wu Jian

Annotations:
D:3 Ijyb


Innate Abilities, Weirdness & Mutations

You thrive by killing the living.
You are immune to poison.
You have sharp fingernails.
Your flesh is cold resistant. (rC+)
You are immune to negative energy. (rN+++)
You do not regenerate when monsters are visible.
You are immune to unholy pain and torment.
You can survive without breathing.


Message History

Found a stone staircase leading down.
Ijyb the Twisted Goblin comes into view.
She is carrying a wand of acid (6).
Ijyb shouts!
A bat comes into view.
The bat moves out of view.
A frilled lizard comes into view.
There is a stone staircase leading down here.
The frilled lizard hisses angrily.
You climb downwards.
A worker ant and a shadow imp come into view.
The shadow imp shouts, "Beg for mercy, thou putrescent saucy serf!"
There is a stone staircase leading up here.
You climb upwards.
Level annotation: Ijyb Ijyb zaps a wand.
The bolt of acid hits you! The acid corrodes you!
You are splashed with acid!
There is a stone staircase leading down here.
You hit Ijyb but do no damage.
Ijyb zaps a wand.
The bolt of acid hits you.
You are splashed with acid!
You die...

# # .. #....
# #.##...# #
..#...# #
###.#l..# #
.......# # #
###...#.#.#
#
#....g#.#.#
# #..@..[.#
#.#...### ..
#.#.# ##
###.# #####
#.# # ...#
#.#
#.##.#####.#
#.#......#.#
#....###.#)#


You could see Ijyb and a frilled lizard.

Vanquished Creatures
  An orc priest (D:3)
  An adder (D:3)
  An ooze (D:1)
  A worm (D:3)
  A dart slug (D:1)
  3 leopard geckos
  2 orcs (D:3)
  2 bat zombies (D:2)
  4 giant cockroaches
  15 goblins
  3 hobgoblins
  7 jackals (D:1)
  3 quokkas (D:2)
  A ball python skeleton (D:2)
  3 bats
  A frilled lizard (D:2)
  A giant cockroach zombie (D:2)
  4 kobolds
  6 rats
60 creatures vanquished.

Vanquished Creatures (others)
  4 plants (D:3)
4 creatures vanquished.

Grand Total: 64 creatures vanquished

Notes
Turn   | Place    | Note
-------+----------+-------------------------------------------
     0 | D:1      | HoaS the Ghoul Gladiator began the quest for the Orb.
     0 | D:1      | Reached XP level 1. HP: 17/17 MP: 0/0
   105 | D:1      | Reached XP level 2. HP: 18/24 MP: 1/1
   158 | D:1      | Reached skill level 4 in Unarmed Combat
   484 | D:1      | Reached XP level 3. HP: 29/29 MP: 2/2
  1001 | D:2      | Reached skill level 5 in Unarmed Combat
  1235 | D:2      | Found an ornate altar of the Wu Jian Council.
  1255 | D:2      | Reached XP level 4. HP: 36/36 MP: 3/3
  1619 | D:3      | HP: 1/36 [goblin (1)]
  1626 | D:3      | Reached skill level 6 in Unarmed Combat
  1642 | D:3      | Reached XP level 5. HP: 10/41 MP: 4/4
  2074 | D:3      | Noticed Ijyb
  2081 | D:3      | Splashed by Ijyb's acid

Illustrated notes

Levels and vault maps discovered:
D:1:      roderic_dead_forest, layout_basic
D:2:      layout_loops_ring, nzn_wu_jian_council_hall, serial_undead,
          serial_undead_e, serial_undead_c, serial_undead_c, serial_undead_a,
          minmay_misc_feat_alley
D:3:      cheibrodos_old_hovel, layout_basic, uniq_robin, uniq_ijyb
D:4:      layout_basic, grunt_temple_overflow_open, lexackson_kobold_supper

Skill      XL: |  1  2  3  4 |
---------------+-------------+-----
Unarmed Combat | 4 5 6 |  6.1
Fighting       | |  2.1
Throwing       | |  1.7
Dodging        | |  2.6

Action                   |  1- 3 |  4- 6 || total
-------------------------+-------+-------++-------
Melee: Unarmed           |   134 |    71 ||   205
       Punch             |     1 |     3 ||     4
  Use: Scroll            |     8 |     5 ||    13
       Potion            |       |     2 ||     2
Armor: Leather armour    |     2 |       ||     2
       Ring mail         |    24 |       ||    24
       Chain mail        |    31 |    48 ||    79
Dodge: Dodged            |    80 |    30 ||   110

Table legend: (Time is in decaauts)
 A = Elapsed time spent in this place.
 B = Non-inter-level travel time spent in this place.
 C = Inter-level travel time spent in this place.
 D = Time resting spent in this place.
 E = Time spent auto-exploring this place.
 F = Levels seen in this place.
 G = Mean time per level.
                   A        B        C        D        E       F      G
               +--------+--------+--------+--------+--------+-----+--------+
         Total |   2061 |   2000 |     61 |    280 |   1263 |   4 |  515.2 |
       Dungeon |   2061 |   2000 |     61 |    280 |   1263 |   4 |  515.2 |
               +--------+--------+--------+--------+--------+-----+--------+

Top non-repeatable levels by time:
     D:1: 871 daAuts
     D:3: 627 daAuts
     D:2: 560 daAuts
     D:4: 1 daAuts
